[ AOE2 MATCH · #483195552 ]
UnrankedTeutons vs Incas
[ REPLAY ANALYSIS · EXTRACTED FROM THE RECORDED GAME ]
Feudal
13:04
Castle
21:44
Imperial
36:02
| APM avg | 11.0 |
| APM peak | 39 |
| eAPM avg | 7.8 |
| Villagers / military | 86 / 401 |
Focus
⚔️ 30.8% · 🌾 69.2%
Spearman ×221 · Teutonic Knight ×176 · Trade Cart ×11 · Trebuchet (Packed) ×3 · Monk ×1
Feudal
10:55
Castle
19:30
Imperial
29:44
| APM avg | 17.5 |
| APM peak | 102 |
| eAPM avg | 12.1 |
| Villagers / military | 141 / 25 |
Focus
⚔️ 41.5% · 🌾 58.5%
Unknown (2550) ×492 · Trade Cart ×31 · Battering Ram ×24 · Monk ×1
Feudal
12:35
Castle
17:33
Imperial
30:51
| APM avg | 47.4 |
| APM peak | 107 |
| eAPM avg | 29.1 |
| Villagers / military | 135 / 259 |
Focus
⚔️ 16.2% · 🌾 83.8%
Hand Cannoneer ×105 · Camel Scout ×60 · Trade Cart ×40 · Scout Cavalry ×35 · War Elephant ×23 · Bombard Cannon ×21
Feudal
14:01
Castle
17:56
Imperial
22:49
| APM avg | 16.2 |
| APM peak | 62 |
| eAPM avg | 11.7 |
| Villagers / military | 76 / 313 |
Focus
⚔️ 29.6% · 🌾 70.4%
Knight ×246 · Scout Cavalry ×49 · Organ Gun ×7 · Battering Ram ×7 · Spearman ×3 · Monk ×1
Feudal
13:08
Castle
18:18
Imperial
36:03
| APM avg | 14.0 |
| APM peak | 36 |
| eAPM avg | 9.6 |
| Villagers / military | 149 / 364 |
Focus
⚔️ 25.3% · 🌾 74.7%
Battle Elephant ×272 · Trade Cart ×47 · Ratha (Ranged) ×46 · Scout Cavalry ×45 · Monk ×1
Feudal
12:51
Castle
18:47
Imperial
34:02
| APM avg | 30.9 |
| APM peak | 101 |
| eAPM avg | 16.0 |
| Villagers / military | 114 / 409 |
Focus
⚔️ 32.9% · 🌾 67.1%
Conquistador ×226 · Spearman ×174 · Trebuchet (Packed) ×7 · Monk ×1 · Knight ×1
Feudal
15:01
Castle
21:32
Imperial
34:53
| APM avg | 20.1 |
| APM peak | 55 |
| eAPM avg | 11.6 |
| Villagers / military | 76 / 172 |
Focus
⚔️ 42.8% · 🌾 57.2%
Scout Cavalry ×59 · Rattan Archer ×50 · Spearman ×30 · Trade Cart ×28 · Monk ×11 · Fishing Ship ×9
Feudal
10:08
Castle
22:15
Imperial
38:06
| APM avg | 12.0 |
| APM peak | 38 |
| eAPM avg | 8.4 |
| Villagers / military | 77 / 355 |
Focus
⚔️ 39.7% · 🌾 60.3%
Skirmisher ×176 · Eagle Scout ×157 · Archer ×13 · Petard ×7 · Trebuchet (Packed) ×2
Match map
Initial resources + every placement click. Lines = walls · curves = elevation contours. ◆ gold · ⬟ stone · ● berries · ✦ relic · ◌ wall gap
Your base· ✓ Map-separated
Kyru's base· ✓ Map-separated
1Timoteo2:11's base· ✓ Map-separated
Bear_Pig_Man's base· ✓ Map-separated
434529096's base· ✓ Map-separated
TwinkieTheKid21's base· ✓ Map-separated
kappael02's base· ✓ Map-separated
Archimeedeez's base· ✓ Map-separated
Smoothed initial terrain · ◌ = detected wall gap · hover for details
Inputs per minute
— ClearSights - - Kyru
Build order — ClearSights
First 150 of 302 actions detected
| 0:03 | Build | House |
| 0:05 | Build | House |
| 0:15 | Create | Villager (Male) ×4 |
| 1:28 | Create | Villager (Male) |
| 2:20 | Build | Lumber Camp |
| 2:28 | Create | Villager (Male) |
| 2:41 | Create | Villager (Male) |
| 3:01 | Create | Villager (Male) |
| 3:41 | Build | House |
| 3:56 | Create | Villager (Male) ×2 |
| 4:44 | Create | Villager (Male) |
| 5:00 | Create | Villager (Male) |
| 5:02 | Create | Villager (Male) |
| 6:05 | Build | Mill |
| 6:16 | Create | Villager (Male) |
| 6:16 | Create | Villager (Male) |
| 6:16 | Create | Villager (Male) |
| 6:17 | Create | Villager (Male) |
| 7:23 | Build | House |
| 7:39 | Create | Villager (Male) |
| 7:40 | Create | Villager (Male) |
| 8:21 | Build | Mining Camp |
| 10:04 | Create | Villager (Male) |
| 10:04 | Create | Villager (Male) |
| 10:25 | Research | Feudal Age |
| 10:36 | Build | Mining Camp |
| 11:21 | Build | House |
| 11:23 | Build | House |
| 11:25 | Build | House |
| 11:28 | Build | House |
| 11:40 | Build | Palisade Wall |
| 11:44 | Build | Palisade Wall |
| 11:52 | Build | Palisade Wall |
| 12:10 | Build | Farm |
| 12:10 | Build | Farm |
| 12:10 | Build | Farm |
| 12:10 | Build | Farm |
| 12:11 | Build | Farm |
| 12:11 | Build | Farm |
| 12:13 | Build | Farm |
| 12:13 | Build | Farm |
| 12:13 | Build | Farm |
| 12:14 | Build | Farm |
| 12:14 | Build | Farm |
| 12:14 | Build | Farm |
| 12:27 | Build | Farm |
| 13:04 | Age | Feudal Age |
| 13:44 | Research | Double-Bit Axe |
| 13:49 | Research | Horse Collar |
| 14:15 | Create | Villager (Male) |
| 14:16 | Create | Villager (Male) |
| 14:16 | Create | Villager (Male) |
| 14:17 | Create | Villager (Male) |
| 14:31 | Research | Gold Mining |
| 15:52 | Build | Barracks |
| 15:57 | Build | Barracks |
| 15:59 | Build | Barracks |
| 16:36 | Build | Market |
| 17:16 | Create | Spearman ×3 |
| 18:43 | Build | Blacksmith |
| 19:04 | Research | Castle Age |
| 19:06 | Research | Loom |
| 21:44 | Age | Castle Age |
| 21:46 | Create | Villager (Male) ×5 |
| 22:35 | Build | Town Center |
| 22:46 | Research | Bow Saw |
| 22:49 | Research | Heavy Plow |
| 23:10 | Build | Lumber Camp |
| 23:49 | Build | Farm |
| 23:49 | Build | Farm |
| 23:50 | Build | Farm |
| 23:51 | Build | Farm |
| 23:51 | Build | Farm |
| 23:52 | Build | Farm |
| 23:56 | Build | Farm |
| 24:01 | Create | Villager (Male) |
| 24:02 | Create | Villager (Male) |
| 24:02 | Create | Villager (Male) |
| 24:02 | Create | Villager (Male) |
| 24:03 | Create | Villager (Male) |
| 24:03 | Create | Villager (Male) |
| 24:53 | Build | Farm |
| 25:02 | Research | Stone Mining |
| 25:13 | Research | Wheelbarrow |
| 25:17 | Research | Wheelbarrow |
| 25:31 | Create | Villager (Male) ×5 |
| 27:03 | Research | Hand Cart |
| 27:25 | Build | Castle |
| 27:37 | Create | Villager (Male) ×5 |
| 27:37 | Create | Villager (Male) ×4 |
| 28:20 | Build | House |
| 28:35 | Create | Villager (Male) |
| 28:36 | Create | Villager (Male) |
| 28:36 | Create | Villager (Male) |
| 28:36 | Create | Villager (Male) |
| 28:36 | Create | Villager (Male) |
| 28:37 | Create | Villager (Male) |
| 29:13 | Research | Stone Shaft Mining |
| 29:49 | Create | Villager (Male) ×5 |
| 30:00 | Build | House |
| 30:03 | Build | House |
| 30:05 | Build | House |
| 30:07 | Build | House |
| 30:08 | Build | House |
| 30:16 | Research | Scale Mail Armor |
| 30:17 | Research | Forging |
| 30:29 | Create | Teutonic Knight |
| 30:29 | Create | Teutonic Knight |
| 31:56 | Build | Farm |
| 31:56 | Build | Farm |
| 31:57 | Build | Farm |
| 32:52 | Research | Imperial Age |
| 32:57 | Research | Pikeman (upgrade) |
| 32:58 | Create | Spearman ×5 |
| 32:58 | Create | Spearman ×5 |
| 32:58 | Create | Spearman |
| 33:06 | Research | Squires |
| 33:20 | Build | Farm |
| 33:20 | Build | Farm |
| 33:21 | Build | Farm |
| 33:22 | Build | Farm |
| 33:23 | Build | Farm |
| 33:24 | Build | Farm |
| 33:32 | Create | Villager (Male) ×3 |
| 33:32 | Create | Villager (Male) ×3 |
| 34:03 | Build | Lumber Camp |
| 34:37 | Build | Watch Tower |
| 34:48 | Research | Gambesons |
| 34:49 | Create | Spearman ×5 |
| 34:49 | Create | Spearman ×5 |
| 34:49 | Create | Spearman ×5 |
| 34:50 | Create | Spearman ×5 |
| 34:50 | Create | Spearman ×5 |
| 35:11 | Build | Castle |
| 35:27 | Build | Palisade Gate |
| 35:33 | Build | Palisade Gate |
| 35:46 | Research | Iron Casting |
| 35:47 | Research | Chain Mail Armor |
| 36:02 | Age | Imperial Age |
| 36:02 | Create | Villager (Male) ×5 |
| 36:26 | Create | Trade Cart ×5 |
| 36:27 | Research | Caravan |
| 36:28 | Create | Trade Cart ×5 |
| 37:56 | Build | Mining Camp |
| 38:03 | Build | Monastery |
| 38:11 | Research | Elite Teutonic Knight (upgrade) |
| 38:14 | Research | Halberdier (upgrade) |
| 38:24 | Research | Plate Mail Armor |
| 38:39 | Build | Farm |
| 38:44 | Create | Monk |
Build order — Kyru
First 150 of 443 actions detected
| 0:00 | Create | Villager (Male) |
| 0:01 | Create | Villager (Male) |
| 0:01 | Create | Villager (Male) |
| 0:02 | Build | House |
| 0:04 | Build | House |
| 0:43 | Create | Villager (Male) |
| 1:24 | Create | Villager (Male) |
| 2:01 | Create | Villager (Male) |
| 2:10 | Build | Settlement |
| 2:34 | Create | Villager (Male) |
| 2:34 | Create | Villager (Male) |
| 2:53 | Create | Villager (Male) |
| 3:12 | Create | Villager (Male) |
| 3:58 | Create | Villager (Male) |
| 3:58 | Create | Villager (Male) |
| 4:40 | Create | Villager (Male) |
| 4:40 | Create | Villager (Male) |
| 5:04 | Create | Villager (Male) |
| 5:04 | Create | Villager (Male) |
| 5:04 | Create | Villager (Male) |
| 5:04 | Create | Villager (Male) |
| 5:13 | Build | Settlement |
| 6:25 | Create | Villager (Male) |
| 6:25 | Create | Villager (Male) |
| 6:58 | Create | Villager (Male) |
| 6:58 | Create | Villager (Male) |
| 6:59 | Create | Villager (Male) |
| 8:11 | Build | Farm |
| 8:42 | Create | Villager (Male) |
| 8:42 | Create | Villager (Male) |
| 8:45 | Research | Feudal Age |
| 9:03 | Build | Farm |
| 9:10 | Build | Farm |
| 9:25 | Build | Settlement |
| 9:51 | Build | Barracks |
| 10:05 | Build | Barracks |
| 10:08 | Build | House |
| 10:14 | Create | Villager (Male) |
| 10:14 | Create | Villager (Male) |
| 10:30 | Build | Palisade Wall |
| 10:45 | Build | Palisade Wall |
| 10:55 | Age | Feudal Age |
| 11:06 | Build | Farm |
| 11:10 | Build | Farm |
| 11:14 | Create | Villager (Male) |
| 11:15 | Create | Villager (Male) |
| 11:17 | Research | Double-Bit Axe |
| 11:58 | Build | Market |
| 12:19 | Create | Villager (Male) |
| 12:21 | Create | Villager (Male) |
| 12:27 | Build | Blacksmith |
| 13:02 | Build | Settlement |
| 13:15 | Research | Tech 1402 |
| 13:21 | Create | Villager (Male) |
| 13:23 | Research | Loom |
| 13:56 | Build | Palisade Wall |
| 14:45 | Create | Villager (Male) |
| 14:45 | Create | Villager (Male) |
| 14:51 | Build | Farm |
| 14:51 | Build | Farm |
| 15:21 | Build | Farm |
| 15:21 | Build | Farm |
| 15:22 | Build | Farm |
| 15:22 | Build | Farm |
| 15:27 | Build | Farm |
| 15:30 | Create | Villager (Male) |
| 15:30 | Create | Villager (Male) |
| 15:30 | Create | Villager (Male) |
| 15:41 | Build | Farm |
| 15:59 | Create | Villager (Male) |
| 16:03 | Build | Farm |
| 16:17 | Create | Villager (Male) |
| 16:37 | Research | Castle Age |
| 17:07 | Build | Farm |
| 17:12 | Research | Horse Collar |
| 17:15 | Research | Scale Mail Armor |
| 18:04 | Build | Market |
| 18:09 | Create | Villager (Male) |
| 18:09 | Create | Villager (Male) |
| 18:17 | Research | Tech 1402 |
| 18:53 | Research | Gold Mining |
| 18:58 | Research | Forging |
| 19:15 | Build | Settlement |
| 19:30 | Age | Castle Age |
| 19:33 | Build | Town Center |
| 19:42 | Research | Bow Saw |
| 19:44 | Create | Villager (Male) |
| 20:09 | Research | Chain Mail Armor |
| 20:21 | Research | Heavy Plow |
| 20:33 | Research | Heavy Plow |
| 21:23 | Build | Farm |
| 21:23 | Build | Farm |
| 21:32 | Create | Villager (Male) |
| 21:32 | Create | Villager (Male) |
| 21:32 | Create | Villager (Male) |
| 21:34 | Create | Villager (Male) ×5 |
| 21:36 | Create | Villager (Male) ×5 |
| 21:44 | Build | Farm |
| 21:44 | Build | Farm |
| 22:03 | Build | Farm |
| 22:16 | Create | Villager (Male) |
| 22:16 | Create | Villager (Male) |
| 22:16 | Create | Villager (Male) |
| 22:17 | Create | Villager (Male) |
| 22:17 | Create | Villager (Male) |
| 22:17 | Create | Villager (Male) |
| 22:17 | Create | Villager (Male) |
| 22:18 | Create | Villager (Male) |
| 22:30 | Create | Trade Cart |
| 23:58 | Build | Town Center |
| 24:08 | Create | Villager (Male) |
| 24:08 | Create | Villager (Male) |
| 24:35 | Build | Monastery |
| 25:10 | Build | University |
| 25:12 | Create | Monk |
| 25:45 | Create | Villager (Male) |
| 25:46 | Create | Villager (Male) |
| 25:46 | Create | Villager (Male) |
| 25:46 | Create | Villager (Male) |
| 25:46 | Create | Villager (Male) |
| 25:47 | Create | Villager (Male) |
| 25:47 | Create | Villager (Male) |
| 25:47 | Create | Villager (Male) |
| 25:48 | Create | Villager (Male) |
| 26:05 | Build | Farm |
| 26:05 | Build | Farm |
| 26:09 | Create | Villager (Male) |
| 26:09 | Create | Villager (Male) |
| 26:09 | Create | Villager (Male) |
| 26:09 | Create | Villager (Male) |
| 26:10 | Create | Villager (Male) |
| 26:10 | Create | Villager (Male) |
| 26:10 | Create | Villager (Male) |
| 26:15 | Research | Wheelbarrow |
| 26:33 | Research | Imperial Age |
| 26:37 | Create | Villager (Male) |
| 26:50 | Build | Farm |
| 26:50 | Build | Farm |
| 26:50 | Build | Farm |
| 26:50 | Build | Farm |
| 26:52 | Build | Farm |
| 26:57 | Build | Farm |
| 26:58 | Build | Farm |
| 27:02 | Build | Farm |
| 27:07 | Create | Villager (Male) |
| 27:07 | Create | Villager (Male) |
| 27:08 | Create | Villager (Male) |
| 27:09 | Create | Villager (Male) |
| 27:15 | Create | Villager (Male) |
| 27:15 | Create | Villager (Male) |
Build order — 1Timoteo2:11
First 150 of 480 actions detected
| 0:01 | Create | Villager (Male) |
| 0:02 | Create | Villager (Male) |
| 0:02 | Create | Villager (Male) |
| 0:03 | Build | House |
| 0:04 | Build | House |
| 0:05 | Create | Villager (Male) |
| 0:05 | Create | Villager (Male) |
| 1:29 | Create | Villager (Male) |
| 1:29 | Create | Villager (Male) |
| 1:59 | Create | Villager (Male) |
| 1:59 | Create | Villager (Male) |
| 2:24 | Create | Villager (Male) |
| 2:24 | Create | Villager (Male) |
| 2:31 | Build | House |
| 2:32 | Build | House |
| 2:36 | Build | House |
| 3:02 | Create | Villager (Male) |
| 3:02 | Create | Villager (Male) |
| 3:02 | Create | Villager (Male) |
| 3:41 | Create | Villager (Male) |
| 3:41 | Create | Villager (Male) |
| 3:50 | Build | Lumber Camp |
| 3:54 | Create | Villager (Male) |
| 3:54 | Create | Villager (Male) |
| 4:29 | Create | Villager (Male) |
| 4:29 | Create | Villager (Male) |
| 5:13 | Create | Villager (Male) |
| 5:13 | Create | Villager (Male) |
| 5:19 | Create | Villager (Male) |
| 5:19 | Create | Villager (Male) |
| 5:39 | Build | Mill |
| 5:54 | Create | Villager (Male) |
| 5:55 | Create | Villager (Male) |
| 6:27 | Create | Villager (Male) |
| 6:28 | Create | Villager (Male) |
| 6:51 | Create | Villager (Male) |
| 6:51 | Create | Villager (Male) |
| 6:51 | Create | Villager (Male) |
| 7:11 | Build | Farm |
| 7:11 | Build | Farm |
| 7:11 | Build | Farm |
| 7:11 | Build | Farm |
| 7:17 | Build | Farm |
| 7:18 | Create | Villager (Male) |
| 7:31 | Build | Farm |
| 8:02 | Create | Villager (Male) |
| 8:05 | Build | Farm |
| 8:17 | Create | Villager (Male) |
| 8:31 | Build | Mill |
| 8:37 | Create | Villager (Male) |
| 8:40 | Build | Farm |
| 8:52 | Build | Farm |
| 9:15 | Create | Villager (Male) |
| 9:17 | Build | Farm |
| 9:42 | Build | Farm |
| 9:43 | Research | Loom |
| 10:02 | Create | Villager (Male) |
| 10:22 | Research | Feudal Age |
| 10:22 | Research | Feudal Age |
| 10:33 | Build | Farm |
| 10:41 | Build | House |
| 10:42 | Build | House |
| 11:20 | Create | Villager (Male) |
| 11:20 | Create | Villager (Male) |
| 11:55 | Build | Barracks |
| 12:35 | Age | Feudal Age |
| 12:44 | Build | Blacksmith |
| 12:58 | Create | Villager (Male) |
| 13:31 | Create | Villager (Male) |
| 14:06 | Build | Market |
| 14:10 | Create | Villager (Male) |
| 14:19 | Create | Villager (Male) |
| 15:07 | Research | Castle Age |
| 15:11 | Build | Lumber Camp |
| 15:20 | Research | Horse Collar |
| 15:21 | Research | Double-Bit Axe |
| 15:42 | Create | Trade Cart |
| 15:42 | Create | Trade Cart |
| 16:17 | Build | Stone Wall |
| 16:49 | Build | Gate |
| 16:56 | Build | Stone Wall |
| 16:58 | Create | Villager (Male) |
| 16:58 | Create | Villager (Male) |
| 17:33 | Age | Castle Age |
| 17:43 | Build | Town Center |
| 17:47 | Create | Villager (Male) |
| 18:01 | Build | Town Center |
| 18:07 | Create | Villager (Male) |
| 18:20 | Create | Villager (Male) |
| 18:50 | Create | Villager (Male) ×5 |
| 18:51 | Create | Villager (Male) ×5 |
| 18:58 | Build | Farm |
| 19:03 | Create | Villager (Male) |
| 19:44 | Build | Stone Wall |
| 19:49 | Create | Trade Cart |
| 20:04 | Build | House |
| 20:13 | Build | House |
| 20:16 | Research | Wheelbarrow |
| 20:18 | Build | Farm |
| 20:20 | Build | Farm |
| 20:22 | Build | Farm |
| 20:29 | Create | Villager (Male) |
| 20:39 | Build | House |
| 20:41 | Build | House |
| 20:42 | Build | House |
| 20:43 | Build | House |
| 20:45 | Build | House |
| 20:49 | Build | House |
| 20:50 | Build | House |
| 20:52 | Build | House |
| 20:55 | Build | House |
| 20:56 | Build | House |
| 21:00 | Research | Bow Saw |
| 21:09 | Create | Villager (Male) |
| 21:09 | Create | Villager (Male) |
| 21:13 | Create | Trade Cart |
| 21:17 | Create | Villager (Male) |
| 21:20 | Build | Farm |
| 21:22 | Build | Farm |
| 21:23 | Build | Farm |
| 21:23 | Build | Farm |
| 21:23 | Build | Farm |
| 21:28 | Build | Farm |
| 21:37 | Create | Villager (Male) |
| 21:43 | Create | Villager (Male) |
| 21:46 | Build | Farm |
| 21:50 | Build | Farm |
| 21:52 | Create | Villager (Male) |
| 21:53 | Create | Villager (Male) |
| 22:02 | Create | Villager (Male) |
| 22:10 | Build | Gate |
| 22:14 | Build | Stone Wall |
| 22:18 | Create | Villager (Male) |
| 22:19 | Build | Farm |
| 22:24 | Build | Farm |
| 22:24 | Build | Farm |
| 22:24 | Build | Farm |
| 22:24 | Build | Farm |
| 22:27 | Build | Farm |
| 22:30 | Build | Farm |
| 22:31 | Create | Villager (Male) |
| 22:32 | Create | Villager (Male) |
| 22:35 | Build | Farm |
| 22:38 | Create | Villager (Male) |
| 22:48 | Create | Trade Cart |
| 22:52 | Create | Villager (Male) |
| 22:54 | Build | Farm |
| 22:56 | Create | Villager (Male) |
| 22:57 | Create | Villager (Male) |
| 23:01 | Create | Villager (Male) |
Build order — Bear_Pig_Man
First 150 of 366 actions detected
| 0:06 | Build | House |
| 0:09 | Build | House |
| 0:10 | Create | Villager (Male) ×4 |
| 0:10 | Create | Villager (Male) ×4 |
| 1:36 | Create | Villager (Male) |
| 1:36 | Create | Villager (Male) |
| 2:00 | Build | Lumber Camp |
| 2:12 | Create | Villager (Male) |
| 2:12 | Create | Villager (Male) |
| 2:12 | Create | Villager (Male) |
| 2:39 | Create | Villager (Male) |
| 2:39 | Create | Villager (Male) |
| 3:00 | Create | Villager (Male) |
| 3:20 | Create | Villager (Male) |
| 3:20 | Create | Villager (Male) |
| 3:50 | Create | Villager (Male) |
| 4:00 | Build | House |
| 4:03 | Build | House |
| 4:11 | Create | Villager (Male) |
| 4:11 | Create | Villager (Male) |
| 4:27 | Build | Mill |
| 4:37 | Create | Villager (Male) |
| 5:02 | Create | Villager (Male) |
| 5:02 | Create | Villager (Male) |
| 5:25 | Build | Lumber Camp |
| 5:30 | Create | Villager (Male) |
| 5:48 | Create | Villager (Male) |
| 6:02 | Create | Villager (Male) |
| 6:24 | Create | Villager (Male) |
| 6:45 | Create | Villager (Male) |
| 7:20 | Create | Villager (Male) |
| 7:29 | Create | Villager (Male) |
| 7:29 | Create | Villager (Male) |
| 7:45 | Build | Mill |
| 8:11 | Build | House |
| 8:11 | Build | House |
| 8:23 | Create | Villager (Male) |
| 8:23 | Create | Villager (Male) |
| 8:50 | Create | Villager (Male) |
| 8:51 | Create | Villager (Male) |
| 9:17 | Create | Villager (Male) |
| 9:17 | Create | Villager (Male) |
| 9:17 | Create | Villager (Male) |
| 9:25 | Build | Mining Camp |
| 10:15 | Create | Villager (Male) |
| 11:12 | Build | Farm |
| 11:13 | Build | Farm |
| 11:13 | Build | Farm |
| 11:14 | Build | Farm |
| 11:15 | Build | Farm |
| 11:16 | Build | Farm |
| 11:16 | Build | Farm |
| 11:17 | Build | Farm |
| 11:18 | Build | Farm |
| 11:19 | Build | Farm |
| 11:19 | Build | Farm |
| 11:20 | Build | Farm |
| 11:26 | Research | Feudal Age |
| 11:56 | Build | Mining Camp |
| 12:18 | Build | Palisade Wall |
| 12:27 | Build | House |
| 12:28 | Build | House |
| 12:28 | Build | House |
| 13:06 | Create | Villager (Male) |
| 13:06 | Create | Villager (Male) |
| 13:07 | Create | Villager (Male) |
| 13:49 | Build | Palisade Wall |
| 14:01 | Age | Feudal Age |
| 14:07 | Build | Market |
| 14:14 | Build | Blacksmith |
| 15:13 | Research | Castle Age |
| 15:28 | Build | Barracks |
| 15:44 | Create | Villager (Male) |
| 15:44 | Create | Villager (Male) |
| 16:11 | Create | Villager (Male) |
| 16:43 | Create | Spearman |
| 16:43 | Create | Spearman |
| 16:43 | Create | Spearman |
| 17:05 | Research | Double-Bit Axe |
| 17:21 | Build | Stone Wall |
| 17:27 | Build | Gate |
| 17:56 | Age | Castle Age |
| 18:03 | Build | Monastery |
| 18:14 | Build | Siege Workshop |
| 18:40 | Research | Loom |
| 19:39 | Research | Imperial Age |
| 19:50 | Build | Farm |
| 19:51 | Build | Farm |
| 19:51 | Build | Farm |
| 19:56 | Create | Villager (Male) |
| 19:56 | Create | Villager (Male) |
| 19:57 | Create | Villager (Male) |
| 20:09 | Build | House |
| 20:09 | Build | House |
| 20:09 | Build | House |
| 20:10 | Build | House |
| 20:10 | Build | House |
| 20:10 | Build | House |
| 20:10 | Build | House |
| 20:10 | Build | House |
| 20:11 | Build | House |
| 20:11 | Build | House |
| 20:11 | Build | House |
| 20:11 | Build | House |
| 20:12 | Build | House |
| 20:12 | Build | House |
| 20:13 | Build | House |
| 20:13 | Build | House |
| 20:36 | Build | Farm |
| 21:07 | Build | Farm |
| 21:26 | Build | Farm |
| 21:46 | Build | Gate |
| 21:52 | Create | Monk |
| 22:17 | Research | Horse Collar |
| 22:29 | Create | Villager (Male) |
| 22:30 | Create | Villager (Male) |
| 22:30 | Create | Villager (Male) |
| 22:30 | Create | Villager (Male) |
| 22:48 | Build | Farm |
| 22:49 | Age | Imperial Age |
| 23:14 | Build | Feitoria |
| 23:35 | Build | Farm |
| 24:00 | Create | Villager (Male) |
| 24:00 | Create | Villager (Male) |
| 24:26 | Build | House |
| 24:26 | Build | House |
| 24:26 | Build | House |
| 24:27 | Build | House |
| 24:50 | Research | Gold Mining |
| 25:04 | Build | Feitoria |
| 25:30 | Research | Bow Saw |
| 25:32 | Create | Villager (Male) |
| 25:33 | Create | Villager (Male) |
| 25:33 | Create | Villager (Male) |
| 26:03 | Build | House |
| 26:03 | Build | House |
| 26:04 | Build | House |
| 26:05 | Build | House |
| 26:05 | Build | House |
| 26:06 | Build | House |
| 26:06 | Build | House |
| 27:03 | Create | Villager (Male) |
| 27:03 | Create | Villager (Male) |
| 27:16 | Build | Feitoria |
| 27:46 | Research | Stone Mining |
| 27:49 | Research | Two-Man Saw |
| 27:52 | Create | Villager (Male) |
| 27:52 | Create | Villager (Male) |
| 27:52 | Create | Villager (Male) |
| 27:53 | Create | Villager (Male) |
Build order — 434529096
First 150 of 445 actions detected
| 0:05 | Build | House |
| 0:07 | Build | House |
| 0:07 | Create | Villager (Male) |
| 0:08 | Create | Villager (Male) |
| 0:08 | Create | Villager (Male) |
| 0:26 | Research | Loom |
| 0:26 | Create | Villager (Male) |
| 0:27 | Create | Villager (Male) |
| 1:51 | Create | Villager (Male) |
| 1:52 | Create | Villager (Male) |
| 2:16 | Create | Villager (Male) |
| 2:16 | Create | Villager (Male) |
| 2:34 | Create | Villager (Male) |
| 2:34 | Create | Villager (Male) |
| 2:34 | Create | Villager (Male) |
| 2:53 | Create | Villager (Male) |
| 2:53 | Create | Villager (Male) |
| 2:53 | Create | Villager (Male) |
| 3:12 | Build | House |
| 3:26 | Create | Villager (Male) |
| 3:26 | Create | Villager (Male) |
| 3:26 | Create | Villager (Male) |
| 4:06 | Build | Lumber Camp |
| 4:11 | Create | Villager (Male) |
| 4:11 | Create | Villager (Male) |
| 4:33 | Create | Villager (Male) |
| 4:33 | Create | Villager (Male) |
| 4:49 | Create | Villager (Male) |
| 4:49 | Create | Villager (Male) |
| 5:29 | Create | Villager (Male) |
| 5:29 | Create | Villager (Male) |
| 5:30 | Create | Villager (Male) |
| 5:55 | Create | Villager (Male) |
| 5:56 | Create | Villager (Male) |
| 6:03 | Build | House |
| 6:40 | Build | House |
| 6:45 | Create | Villager (Male) |
| 6:46 | Create | Villager (Male) |
| 6:46 | Create | Villager (Male) |
| 7:37 | Create | Villager (Male) |
| 7:38 | Create | Villager (Male) |
| 7:38 | Create | Villager (Male) |
| 7:38 | Create | Villager (Male) |
| 7:38 | Create | Villager (Male) |
| 7:39 | Create | Villager (Male) |
| 8:00 | Build | Mill |
| 8:31 | Create | Villager (Male) |
| 8:31 | Create | Villager (Male) |
| 8:32 | Create | Villager (Male) |
| 9:08 | Build | Farm |
| 9:09 | Build | Farm |
| 9:56 | Build | House |
| 9:58 | Build | House |
| 10:16 | Build | Farm |
| 10:24 | Build | Farm |
| 10:43 | Build | Mining Camp |
| 10:47 | Research | Feudal Age |
| 11:06 | Build | Lumber Camp |
| 11:24 | Build | Farm |
| 11:29 | Build | Farm |
| 11:35 | Create | Villager (Male) |
| 11:35 | Create | Villager (Male) |
| 11:35 | Create | Villager (Male) |
| 11:35 | Create | Villager (Male) |
| 12:00 | Build | Mining Camp |
| 13:07 | Create | Villager (Male) |
| 13:08 | Age | Feudal Age |
| 13:08 | Create | Villager (Male) |
| 13:08 | Create | Villager (Male) |
| 13:08 | Create | Villager (Male) |
| 13:09 | Create | Villager (Male) |
| 13:09 | Create | Villager (Male) |
| 13:25 | Build | Lumber Camp |
| 13:29 | Build | Farm |
| 13:32 | Build | Farm |
| 13:34 | Build | Farm |
| 13:45 | Create | Villager (Male) |
| 13:45 | Create | Villager (Male) |
| 13:46 | Create | Villager (Male) |
| 13:46 | Create | Villager (Male) |
| 14:15 | Build | Market |
| 14:35 | Build | Blacksmith |
| 15:18 | Build | Farm |
| 15:21 | Research | Castle Age |
| 15:27 | Research | Stone Mining |
| 15:53 | Build | Farm |
| 16:09 | Research | Double-Bit Axe |
| 16:12 | Research | Horse Collar |
| 16:43 | Research | Gold Mining |
| 17:04 | Build | House |
| 17:20 | Build | House |
| 17:30 | Create | Villager (Male) |
| 17:30 | Create | Villager (Male) |
| 17:30 | Create | Villager (Male) |
| 17:30 | Create | Villager (Male) |
| 17:55 | Create | Villager (Male) |
| 17:55 | Create | Villager (Male) |
| 17:55 | Create | Villager (Male) |
| 17:55 | Create | Villager (Male) |
| 18:18 | Age | Castle Age |
| 18:22 | Build | Town Center |
| 18:30 | Build | Town Center |
| 18:40 | Build | Town Center |
| 18:47 | Create | Villager (Male) |
| 18:47 | Create | Villager (Male) |
| 18:47 | Create | Villager (Male) |
| 18:59 | Research | Bow Saw |
| 19:19 | Build | Monastery |
| 19:30 | Create | Villager (Male) |
| 19:31 | Create | Villager (Male) |
| 19:31 | Create | Villager (Male) |
| 19:52 | Create | Villager (Male) |
| 19:53 | Create | Villager (Male) |
| 20:21 | Create | Villager (Male) |
| 20:21 | Create | Villager (Male) |
| 20:21 | Create | Villager (Male) |
| 20:21 | Create | Villager (Male) |
| 20:25 | Create | Villager (Male) |
| 20:25 | Create | Villager (Male) |
| 20:28 | Build | Farm |
| 20:29 | Build | Farm |
| 20:30 | Build | Farm |
| 20:31 | Build | Farm |
| 20:43 | Create | Villager (Male) |
| 20:43 | Create | Villager (Male) |
| 20:43 | Create | Villager (Male) |
| 20:44 | Create | Villager (Male) |
| 20:47 | Create | Monk |
| 20:53 | Build | Farm |
| 20:54 | Build | Farm |
| 20:55 | Build | Farm |
| 20:58 | Create | Villager (Male) |
| 20:58 | Create | Villager (Male) |
| 21:10 | Create | Villager (Male) |
| 21:11 | Create | Villager (Male) |
| 21:21 | Create | Villager (Male) |
| 21:21 | Create | Villager (Male) |
| 21:31 | Create | Villager (Male) |
| 21:31 | Create | Villager (Male) |
| 21:45 | Create | Villager (Male) |
| 21:53 | Create | Villager (Male) |
| 21:53 | Create | Villager (Male) |
| 21:59 | Build | Farm |
| 22:00 | Build | Farm |
| 22:02 | Build | Farm |
| 22:04 | Create | Villager (Male) |
| 22:07 | Create | Villager (Male) |
| 22:11 | Create | Villager (Male) |
| 22:19 | Create | Villager (Male) |
| 22:19 | Create | Villager (Male) |
Build order — TwinkieTheKid21
First 150 of 408 actions detected
| 0:06 | Build | House |
| 0:08 | Build | House |
| 0:33 | Create | Villager (Male) |
| 0:34 | Create | Villager (Male) |
| 0:34 | Create | Villager (Male) |
| 0:34 | Create | Villager (Male) |
| 1:56 | Create | Villager (Male) |
| 1:57 | Create | Villager (Male) |
| 2:17 | Build | Lumber Camp |
| 2:42 | Create | Villager (Male) |
| 2:42 | Create | Villager (Male) |
| 3:09 | Create | Villager (Male) |
| 3:30 | Create | Villager (Male) |
| 3:31 | Create | Villager (Male) |
| 4:21 | Create | Villager (Male) |
| 4:22 | Create | Villager (Male) |
| 4:27 | Build | House |
| 4:27 | Build | House |
| 5:00 | Build | Mill |
| 5:04 | Create | Villager (Male) |
| 5:04 | Create | Villager (Male) |
| 5:45 | Create | Villager (Male) |
| 5:46 | Create | Villager (Male) |
| 5:46 | Create | Villager (Male) |
| 6:04 | Create | Villager (Male) |
| 6:04 | Create | Villager (Male) |
| 6:28 | Create | Villager (Male) |
| 6:28 | Create | Villager (Male) |
| 6:28 | Create | Villager (Male) |
| 7:00 | Build | Farm |
| 7:08 | Build | Farm |
| 7:18 | Create | Villager (Male) |
| 7:19 | Create | Villager (Male) |
| 7:32 | Build | Lumber Camp |
| 7:39 | Create | Villager (Male) |
| 7:55 | Build | House |
| 7:56 | Build | House |
| 8:03 | Create | Villager (Male) |
| 8:03 | Create | Villager (Male) |
| 8:03 | Create | Villager (Male) |
| 8:03 | Create | Villager (Male) |
| 8:04 | Create | Villager (Male) |
| 8:04 | Create | Villager (Male) |
| 9:12 | Build | Mill |
| 9:37 | Build | Mining Camp |
| 9:43 | Research | Loom |
| 10:09 | Research | Feudal Age |
| 10:43 | Build | Palisade Gate |
| 10:45 | Build | Palisade Wall |
| 11:12 | Build | Palisade Wall |
| 11:18 | Build | Palisade Wall |
| 11:35 | Create | Villager (Male) |
| 11:36 | Create | Villager (Male) |
| 11:47 | Build | Palisade Wall |
| 12:32 | Build | Barracks |
| 12:51 | Age | Feudal Age |
| 12:56 | Build | Blacksmith |
| 13:06 | Build | Stable |
| 13:30 | Research | Double-Bit Axe |
| 13:52 | Research | Horse Collar |
| 14:24 | Build | Farm |
| 14:25 | Build | Farm |
| 14:25 | Build | Farm |
| 14:38 | Build | Farm |
| 14:53 | Build | Palisade Wall |
| 15:58 | Build | Farm |
| 16:03 | Build | Mining Camp |
| 16:07 | Research | Castle Age |
| 16:44 | Build | House |
| 16:47 | Build | House |
| 18:28 | Create | Villager (Male) |
| 18:29 | Research | Town Watch |
| 18:29 | Create | Villager (Male) |
| 18:47 | Age | Castle Age |
| 18:48 | Build | Town Center |
| 18:57 | Build | Town Center |
| 19:10 | Build | Town Center |
| 19:19 | Research | Bow Saw |
| 19:33 | Create | Villager (Male) |
| 19:45 | Create | Knight |
| 20:27 | Create | Villager (Male) |
| 20:27 | Create | Villager (Male) |
| 20:35 | Build | Farm |
| 20:40 | Create | Villager (Male) |
| 20:46 | Build | House |
| 21:05 | Create | Villager (Male) |
| 21:13 | Build | Farm |
| 21:19 | Create | Villager (Male) |
| 21:20 | Create | Villager (Male) |
| 21:35 | Build | Farm |
| 21:45 | Create | Villager (Male) |
| 21:46 | Create | Villager (Male) |
| 22:03 | Build | Castle |
| 22:08 | Build | Mining Camp |
| 22:11 | Create | Villager (Male) |
| 22:16 | Create | Villager (Male) |
| 22:40 | Build | Monastery |
| 22:45 | Build | Farm |
| 22:51 | Create | Villager (Male) |
| 22:52 | Create | Villager (Male) |
| 23:27 | Build | Farm |
| 23:27 | Build | Farm |
| 23:30 | Create | Villager (Male) |
| 23:31 | Create | Villager (Male) |
| 23:48 | Create | Villager (Male) |
| 24:13 | Create | Monk |
| 24:18 | Build | Farm |
| 24:24 | Build | Farm |
| 24:27 | Create | Villager (Male) |
| 24:27 | Create | Villager (Male) |
| 24:27 | Create | Villager (Male) |
| 24:27 | Create | Villager (Male) |
| 24:31 | Build | Farm |
| 24:58 | Build | Market |
| 25:03 | Build | Farm |
| 25:03 | Create | Villager (Male) |
| 25:04 | Create | Villager (Male) |
| 25:04 | Create | Villager (Male) |
| 25:06 | Build | Farm |
| 25:16 | Build | Farm |
| 25:44 | Build | Stone Wall |
| 25:49 | Build | Farm |
| 25:51 | Build | Farm |
| 25:52 | Create | Villager (Male) |
| 25:53 | Create | Villager (Male) |
| 25:53 | Create | Villager (Male) |
| 25:53 | Create | Villager (Male) |
| 26:03 | Build | Farm |
| 26:06 | Research | Wheelbarrow |
| 26:25 | Build | Farm |
| 26:26 | Create | Villager (Male) |
| 26:26 | Create | Villager (Male) |
| 26:26 | Create | Villager (Male) |
| 26:26 | Create | Villager (Male) |
| 26:31 | Build | Farm |
| 26:53 | Build | Gate |
| 26:56 | Build | Stone Wall |
| 26:57 | Build | Stone Wall |
| 27:11 | Build | Farm |
| 27:41 | Create | Villager (Male) |
| 27:42 | Create | Villager (Male) |
| 27:42 | Create | Villager (Male) |
| 27:44 | Build | Lumber Camp |
| 27:48 | Research | Heavy Plow |
| 27:51 | Build | Farm |
| 27:52 | Build | Farm |
| 28:00 | Research | Hand Cart |
| 28:01 | Create | Villager (Male) |
| 28:01 | Create | Villager (Male) |
| 28:01 | Create | Villager (Male) |
Build order — kappael02
First 150 of 483 actions detected
| 0:05 | Build | House |
| 0:06 | Build | House |
| 0:08 | Build | House |
| 0:09 | Create | Villager (Male) |
| 0:09 | Create | Villager (Male) |
| 0:10 | Create | Villager (Male) |
| 0:10 | Create | Villager (Male) |
| 0:11 | Research | Loom |
| 1:37 | Create | Villager (Male) |
| 1:37 | Create | Villager (Male) |
| 2:33 | Create | Villager (Male) |
| 2:34 | Create | Villager (Male) |
| 3:36 | Create | Villager (Male) |
| 3:36 | Create | Villager (Male) |
| 3:36 | Create | Villager (Male) |
| 4:44 | Build | Lumber Camp |
| 4:52 | Create | Villager (Male) |
| 4:53 | Create | Villager (Male) |
| 5:29 | Create | Villager (Male) |
| 5:29 | Create | Villager (Male) |
| 5:29 | Create | Villager (Male) |
| 5:45 | Create | Villager (Male) |
| 6:47 | Build | House |
| 6:57 | Build | Lumber Camp |
| 7:18 | Create | Villager (Male) |
| 7:29 | Build | Mill |
| 7:52 | Create | Villager (Male) |
| 7:52 | Create | Villager (Male) |
| 8:41 | Build | House |
| 8:43 | Build | House |
| 9:07 | Create | Villager (Male) |
| 9:13 | Create | Villager (Male) |
| 9:20 | Build | House |
| 9:35 | Build | Mining Camp |
| 9:45 | Create | Villager (Male) |
| 10:44 | Build | Mining Camp |
| 10:48 | Create | Villager (Male) |
| 10:48 | Create | Villager (Male) |
| 10:56 | Build | Mill |
| 11:38 | Build | Farm |
| 12:51 | Research | Feudal Age |
| 13:16 | Build | Farm |
| 13:28 | Build | Farm |
| 13:30 | Build | Farm |
| 13:32 | Build | Farm |
| 13:34 | Build | Farm |
| 13:36 | Build | Farm |
| 13:38 | Build | Farm |
| 13:39 | Build | Farm |
| 13:45 | Build | Farm |
| 13:48 | Build | Farm |
| 13:50 | Build | Farm |
| 14:19 | Build | Dock |
| 14:48 | Build | House |
| 14:49 | Build | House |
| 14:59 | Create | Fishing Ship |
| 15:00 | Create | Fishing Ship |
| 15:01 | Age | Feudal Age |
| 15:08 | Research | Town Watch |
| 15:09 | Research | Wheelbarrow |
| 15:28 | Research | Tech 906 |
| 15:56 | Build | Blacksmith |
| 16:01 | Create | Villager (Male) |
| 16:01 | Create | Villager (Male) |
| 16:38 | Build | Barracks |
| 16:45 | Create | Villager (Male) |
| 16:46 | Create | Villager (Male) |
| 17:15 | Build | House |
| 17:22 | Build | Market |
| 17:33 | Create | Villager (Male) |
| 17:50 | Create | Villager (Male) |
| 18:06 | Build | House |
| 18:11 | Build | Stone Wall |
| 18:52 | Research | Castle Age |
| 19:07 | Build | Stone Wall |
| 19:11 | Build | Gate |
| 19:18 | Research | Arson |
| 19:21 | Create | Militia |
| 19:43 | Build | Stone Wall |
| 19:58 | Research | Horse Collar |
| 20:00 | Research | Double-Bit Axe |
| 20:03 | Research | Stone Mining |
| 20:04 | Research | Gold Mining |
| 20:12 | Create | Fishing Ship |
| 20:35 | Create | Trade Cart |
| 20:49 | Research | Man-at-Arms (upgrade) |
| 21:32 | Build | Stone Wall |
| 21:32 | Age | Castle Age |
| 21:42 | Research | Scale Mail Armor |
| 21:49 | Research | Hand Cart |
| 21:56 | Build | Town Center |
| 22:00 | Build | Monastery |
| 22:03 | Research | Bow Saw |
| 22:05 | Research | Heavy Plow |
| 22:12 | Create | Villager (Male) |
| 22:13 | Create | Villager (Male) |
| 22:26 | Create | Militia |
| 22:46 | Create | Villager (Male) |
| 23:21 | Research | Gillnets |
| 23:25 | Create | Villager (Male) |
| 23:39 | Create | Militia |
| 23:49 | Build | Outpost |
| 23:55 | Build | Outpost |
| 23:59 | Research | Squires |
| 24:07 | Research | Fletching |
| 24:16 | Create | Monk |
| 24:21 | Create | Villager (Male) |
| 24:26 | Create | Villager (Male) |
| 24:46 | Create | Militia |
| 24:48 | Create | Villager (Male) |
| 24:48 | Create | Villager (Male) |
| 24:55 | Build | Farm |
| 24:58 | Create | Villager (Male) |
| 24:58 | Create | Villager (Male) |
| 25:02 | Build | Farm |
| 25:03 | Build | Farm |
| 25:06 | Build | Farm |
| 25:07 | Build | Farm |
| 25:08 | Create | Villager (Male) |
| 25:12 | Create | Trade Cart |
| 25:12 | Create | Trade Cart |
| 25:13 | Create | Trade Cart |
| 25:32 | Build | Outpost |
| 25:51 | Research | Herbal Medicine |
| 25:59 | Create | Villager (Male) |
| 25:59 | Create | Villager (Male) |
| 26:01 | Create | Villager (Male) |
| 26:15 | Build | Castle |
| 26:26 | Research | Caravan |
| 26:33 | Research | Long Swordsman (upgrade) |
| 26:49 | Create | Villager (Male) |
| 26:51 | Create | Villager (Male) |
| 26:52 | Create | Villager (Male) |
| 26:52 | Create | Villager (Male) |
| 26:57 | Create | Trade Cart |
| 26:57 | Create | Trade Cart |
| 27:30 | Build | Outpost |
| 27:39 | Create | Villager (Male) |
| 27:44 | Create | Villager (Male) |
| 27:44 | Create | Villager (Male) |
| 27:58 | Build | Outpost |
| 28:02 | Create | Fishing Ship |
| 28:12 | Build | Outpost |
| 28:27 | Research | Padded Archer Armor |
| 28:28 | Research | Chain Mail Armor |
| 29:00 | Build | Town Center |
| 29:17 | Research | Leather Archer Armor |
| 29:21 | Create | Villager (Male) |
| 29:21 | Create | Villager (Male) |
| 29:26 | Build | Farm |
Build order — Archimeedeez
First 150 of 333 actions detected
| 0:03 | Build | House |
| 0:05 | Build | House |
| 0:37 | Create | Villager (Male) |
| 0:38 | Create | Villager (Male) |
| 0:38 | Create | Villager (Male) |
| 1:49 | Create | Villager (Male) |
| 2:20 | Create | Villager (Male) |
| 2:47 | Create | Villager (Male) |
| 3:11 | Create | Villager (Male) |
| 3:12 | Create | Villager (Male) |
| 3:19 | Build | Lumber Camp |
| 4:29 | Create | Villager (Male) |
| 5:01 | Build | House |
| 5:06 | Build | House |
| 5:27 | Create | Villager (Male) |
| 5:27 | Create | Villager (Male) |
| 6:19 | Build | Mill |
| 6:56 | Create | Villager (Male) |
| 6:57 | Create | Villager (Male) |
| 7:58 | Research | Feudal Age |
| 8:11 | Build | House |
| 8:18 | Build | House |
| 8:59 | Build | Mill |
| 10:08 | Age | Feudal Age |
| 10:16 | Create | Villager (Male) |
| 10:16 | Create | Villager (Male) |
| 10:50 | Build | Mining Camp |
| 10:55 | Create | Villager (Male) |
| 11:09 | Research | Double-Bit Axe |
| 11:42 | Build | Palisade Wall |
| 11:46 | Build | Palisade Wall |
| 12:46 | Build | Palisade Wall |
| 12:52 | Create | Villager (Male) |
| 12:52 | Create | Villager (Male) |
| 13:18 | Build | Blacksmith |
| 13:29 | Build | Barracks |
| 13:37 | Create | Villager (Male) |
| 14:01 | Build | Mining Camp |
| 14:16 | Create | Villager (Male) |
| 14:19 | Create | Villager (Male) |
| 14:39 | Build | Archery Range |
| 15:21 | Build | Lumber Camp |
| 15:53 | Research | Horse Collar |
| 16:13 | Build | Farm |
| 16:17 | Build | Farm |
| 16:20 | Build | Farm |
| 16:37 | Create | Villager (Male) |
| 16:37 | Create | Villager (Male) |
| 16:37 | Create | Villager (Male) |
| 16:44 | Build | Farm |
| 18:10 | Build | Palisade Wall |
| 18:23 | Build | Palisade Wall |
| 18:34 | Build | Farm |
| 18:35 | Build | Farm |
| 18:35 | Build | Farm |
| 18:35 | Build | Farm |
| 18:36 | Build | Farm |
| 19:05 | Build | Farm |
| 19:10 | Create | Villager (Male) |
| 19:10 | Create | Villager (Male) |
| 19:10 | Create | Villager (Male) |
| 19:31 | Research | Castle Age |
| 19:38 | Build | Farm |
| 19:56 | Create | Archer |
| 19:56 | Create | Archer |
| 20:52 | Build | Palisade Gate |
| 21:00 | Create | Archer |
| 21:24 | Create | Archer |
| 21:25 | Create | Archer |
| 21:32 | Research | Gold Mining |
| 21:55 | Build | House |
| 21:57 | Build | House |
| 21:59 | Build | House |
| 22:01 | Build | House |
| 22:03 | Build | House |
| 22:05 | Build | House |
| 22:15 | Age | Castle Age |
| 22:18 | Research | Bow Saw |
| 22:22 | Research | Heavy Plow |
| 22:39 | Build | Town Center |
| 22:54 | Research | Crossbowman (upgrade) |
| 23:18 | Build | Castle |
| 23:32 | Research | Wheelbarrow |
| 23:38 | Create | Villager (Male) |
| 23:38 | Create | Villager (Male) |
| 23:42 | Build | Farm |
| 23:42 | Build | Farm |
| 24:14 | Create | Villager (Male) |
| 24:15 | Create | Villager (Male) |
| 24:18 | Build | Farm |
| 24:18 | Build | Farm |
| 24:23 | Create | Villager (Male) |
| 24:26 | Create | Villager (Male) |
| 24:30 | Build | Farm |
| 24:31 | Build | Farm |
| 25:02 | Build | University |
| 25:12 | Create | Villager (Male) |
| 25:12 | Create | Villager (Male) |
| 25:17 | Build | Farm |
| 25:18 | Build | Farm |
| 25:34 | Create | Archer |
| 25:35 | Create | Archer |
| 25:35 | Create | Archer |
| 25:36 | Create | Archer |
| 25:36 | Create | Archer |
| 25:48 | Create | Villager (Male) |
| 25:49 | Create | Villager (Male) |
| 26:47 | Research | Thumb Ring |
| 26:57 | Research | Ballistics |
| 27:03 | Create | Villager (Male) |
| 27:03 | Create | Villager (Male) |
| 27:05 | Build | Farm |
| 27:06 | Build | Farm |
| 27:09 | Create | Villager (Male) |
| 27:09 | Create | Villager (Male) |
| 27:18 | Build | Farm |
| 27:18 | Build | Farm |
| 27:27 | Build | Farm |
| 27:28 | Build | Farm |
| 27:30 | Create | Villager (Male) |
| 27:30 | Create | Villager (Male) |
| 28:12 | Create | Villager (Male) |
| 28:12 | Create | Villager (Male) |
| 28:13 | Create | Villager (Male) |
| 28:15 | Create | Villager (Male) |
| 28:17 | Create | Villager (Male) |
| 28:42 | Build | Farm |
| 28:51 | Research | Elite Skirmisher (upgrade) |
| 28:55 | Research | Hulche Javelineers |
| 29:07 | Build | Lumber Camp |
| 29:32 | Create | Archer |
| 29:32 | Create | Archer |
| 29:32 | Create | Archer |
| 30:03 | Research | Hand Cart |
| 30:15 | Create | Villager (Male) |
| 30:15 | Create | Villager (Male) |
| 30:15 | Create | Villager (Male) |
| 30:16 | Create | Villager (Male) |
| 30:50 | Build | Stone Wall |
| 31:09 | Build | Stone Wall |
| 31:13 | Build | Stone Wall |
| 31:45 | Build | Gate |
| 32:51 | Create | Villager (Male) |
| 32:52 | Create | Villager (Male) |
| 32:52 | Create | Villager (Male) |
| 32:52 | Create | Villager (Male) |
| 32:53 | Create | Villager (Male) |
| 32:53 | Create | Villager (Male) |
| 32:53 | Create | Villager (Male) |
| 32:54 | Create | Villager (Male) |
Match timeline
| 9:51 | Kyru · first_building Barracks |
| 10:08 | Archimeedeez · age_up feudal |
| 10:30 | Kyru · wall_segment Palisade Wall x14 |
| 10:45 | Kyru · wall_segment Palisade Wall x1 |
| 10:45 | TwinkieTheKid21 · wall_segment Palisade Wall x1 |
| 10:55 | Kyru · age_up feudal |
| 11:12 | TwinkieTheKid21 · wall_segment Palisade Wall x3 |
| 11:18 | TwinkieTheKid21 · wall_segment Palisade Wall x9 |
| 11:40 | ClearSights · wall_segment Palisade Wall x14 |
| 11:42 | Archimeedeez · wall_segment Palisade Wall x11 |
| 11:44 | ClearSights · wall_segment Palisade Wall x9 |
| 11:46 | Archimeedeez · wall_segment Palisade Wall x12 |
| 11:47 | TwinkieTheKid21 · wall_segment Palisade Wall x17 |
| 11:52 | ClearSights · wall_segment Palisade Wall x14 |
| 11:55 | 1Timoteo2:11 · first_building Barracks |
| 12:18 | Bear_Pig_Man · wall_segment Palisade Wall x22 |
| 12:32 | TwinkieTheKid21 · first_building Barracks |
| 12:35 | 1Timoteo2:11 · age_up feudal |
| 12:46 | Archimeedeez · wall_segment Palisade Wall x1 |
| 12:51 | TwinkieTheKid21 · age_up feudal |
| 13:04 | ClearSights · age_up feudal |
| 13:06 | TwinkieTheKid21 · first_building Stable |
| 13:08 | 434529096 · age_up feudal |
| 13:29 | Archimeedeez · first_building Barracks |
| 13:49 | Bear_Pig_Man · wall_segment Palisade Wall x15 |
| 13:56 | Kyru · wall_segment Palisade Wall x5 |
| 14:01 | Bear_Pig_Man · age_up feudal |
| 14:19 | kappael02 · first_building Dock |
| 14:39 | Archimeedeez · first_building Archery Range |
| 14:53 | TwinkieTheKid21 · wall_segment Palisade Wall x5 |
| 15:01 | kappael02 · age_up feudal |
| 15:06 | 1Timoteo2:11 · first_market_sell 100 food |
| 15:28 | Bear_Pig_Man · first_building Barracks |
| 15:52 | ClearSights · first_building Barracks |
| 16:17 | 1Timoteo2:11 · wall_segment Stone Wall x4 |
| 16:38 | kappael02 · first_building Barracks |
| 16:56 | 1Timoteo2:11 · wall_segment Stone Wall x12 |
| 17:21 | Bear_Pig_Man · wall_segment Stone Wall x36 |
| 17:33 | 1Timoteo2:11 · age_up castle |
| 17:56 | Bear_Pig_Man · age_up castle |
| 17:58 | 1Timoteo2:11 · first_market_buy 100 stone |
| 18:03 | Bear_Pig_Man · first_building Monastery |
| 18:10 | Archimeedeez · wall_segment Palisade Wall x1 |
| 18:11 | kappael02 · wall_segment Stone Wall x1 |
| 18:14 | Bear_Pig_Man · first_building Siege Workshop |
| 18:18 | 434529096 · age_up castle |
| 18:23 | Archimeedeez · wall_segment Palisade Wall x1 |
| 18:47 | TwinkieTheKid21 · age_up castle |
| 18:49 | kappael02 · first_market_sell 100 food |
| 19:07 | kappael02 · wall_segment Stone Wall x7 |
| 19:19 | 434529096 · first_building Monastery |
| 19:30 | Kyru · age_up castle |
| 19:34 | Bear_Pig_Man · first_market_buy 100 food |
| 19:43 | kappael02 · wall_segment Stone Wall x15 |
| 19:44 | 1Timoteo2:11 · wall_segment Stone Wall x9 |
| 21:32 | kappael02 · wall_segment Stone Wall x3 |
| 21:32 | kappael02 · age_up castle |
| 21:44 | ClearSights · age_up castle |
| 22:00 | kappael02 · first_building Monastery |
| 22:03 | TwinkieTheKid21 · first_building Castle |
| 22:14 | 1Timoteo2:11 · wall_segment Stone Wall x7 |
| 22:15 | Archimeedeez · age_up castle |
| 22:40 | TwinkieTheKid21 · first_building Monastery |
| 22:49 | Bear_Pig_Man · age_up imperial |
| 23:18 | Archimeedeez · first_building Castle |
| 24:35 | Kyru · first_building Monastery |
| 25:44 | TwinkieTheKid21 · wall_segment Stone Wall x21 |
| 26:15 | kappael02 · first_building Castle |
| 26:16 | TwinkieTheKid21 · first_market_sell 100 wood |
| 26:21 | TwinkieTheKid21 · first_market_buy 100 food |
| 26:41 | Bear_Pig_Man · first_market_sell 100 food |
| 26:56 | TwinkieTheKid21 · wall_segment Stone Wall x1 |
| 26:57 | TwinkieTheKid21 · wall_segment Stone Wall x1 |
| 27:18 | 1Timoteo2:11 · first_building Siege Workshop |
| 27:25 | ClearSights · first_building Castle |
| 28:18 | TwinkieTheKid21 · wall_segment Stone Wall x9 |
| 29:01 | Kyru · first_building Castle |
| 29:02 | Bear_Pig_Man · first_building Stable |
| 29:27 | 1Timoteo2:11 · first_building Stable |
| 29:44 | Kyru · age_up imperial |
| 29:47 | TwinkieTheKid21 · wall_segment Stone Wall x6 |
| 30:01 | kappael02 · wall_segment Stone Wall x11 |
| 30:50 | Archimeedeez · wall_segment Stone Wall x8 |
| 30:51 | 1Timoteo2:11 · age_up imperial |
| 31:09 | Archimeedeez · wall_segment Stone Wall x10 |
| 31:11 | 434529096 · first_building Castle |
| 31:13 | Archimeedeez · wall_segment Stone Wall x16 |
| 32:10 | 1Timoteo2:11 · first_building Castle |
| 32:15 | kappael02 · first_building Stable |
| 32:52 | Bear_Pig_Man · tribute_sent a jugador 1 |
| 32:52 | Bear_Pig_Man · tribute_sent a jugador 2 |
| 32:52 | Bear_Pig_Man · tribute_sent a jugador 3 |
| 32:52 | Bear_Pig_Man · tribute_sent a jugador 5 |
| 32:52 | Bear_Pig_Man · tribute_sent a jugador 6 |
| 32:52 | Bear_Pig_Man · tribute_sent a jugador 7 |
| 32:52 | Bear_Pig_Man · tribute_sent a jugador 8 |
| 33:03 | kappael02 · first_market_buy 100 wood |
| 33:33 | kappael02 · wall_segment Stone Wall x7 |
| 33:34 | Archimeedeez · wall_segment Stone Wall x5 |
| 33:46 | Bear_Pig_Man · tribute_sent a jugador 1 |
| 33:46 | Bear_Pig_Man · tribute_sent a jugador 2 |
| 33:46 | Bear_Pig_Man · tribute_sent a jugador 3 |
| 33:46 | Bear_Pig_Man · tribute_sent a jugador 5 |
| 33:46 | Bear_Pig_Man · tribute_sent a jugador 6 |
| 33:46 | Bear_Pig_Man · tribute_sent a jugador 7 |
| 33:46 | Bear_Pig_Man · tribute_sent a jugador 8 |
| 33:58 | Archimeedeez · wall_segment Stone Wall x12 |
| 34:02 | TwinkieTheKid21 · age_up imperial |
| 34:05 | 434529096 · first_building Barracks |
| 34:22 | Bear_Pig_Man · tribute_sent a jugador 1 |
| 34:22 | Bear_Pig_Man · tribute_sent a jugador 2 |
| 34:22 | Bear_Pig_Man · tribute_sent a jugador 3 |
| 34:22 | Bear_Pig_Man · tribute_sent a jugador 5 |
| 34:22 | Bear_Pig_Man · tribute_sent a jugador 6 |
| 34:22 | Bear_Pig_Man · tribute_sent a jugador 7 |
| 34:22 | Bear_Pig_Man · tribute_sent a jugador 8 |
| 34:53 | kappael02 · age_up imperial |
| 35:38 | 434529096 · first_building Stable |
| 36:02 | ClearSights · age_up imperial |
| 36:03 | 434529096 · age_up imperial |
| 36:22 | kappael02 · wall_segment Stone Wall x8 |
| 36:32 | kappael02 · wall_segment Stone Wall x7 |
| 36:43 | Bear_Pig_Man · tribute_sent a jugador 1 |
| 36:43 | Bear_Pig_Man · tribute_sent a jugador 2 |
| 36:43 | Bear_Pig_Man · tribute_sent a jugador 3 |
| 36:43 | Bear_Pig_Man · tribute_sent a jugador 5 |
| 36:43 | Bear_Pig_Man · tribute_sent a jugador 6 |
| 36:43 | Bear_Pig_Man · tribute_sent a jugador 7 |
| 36:43 | Bear_Pig_Man · tribute_sent a jugador 8 |
| 36:55 | Bear_Pig_Man · tribute_sent a jugador 1 |
| 36:55 | Bear_Pig_Man · tribute_sent a jugador 2 |
| 36:55 | Bear_Pig_Man · tribute_sent a jugador 3 |
| 36:55 | Bear_Pig_Man · tribute_sent a jugador 5 |
| 36:55 | Bear_Pig_Man · tribute_sent a jugador 6 |
| 36:55 | Bear_Pig_Man · tribute_sent a jugador 7 |
| 36:55 | Bear_Pig_Man · tribute_sent a jugador 8 |
| 38:03 | Bear_Pig_Man · tribute_sent a jugador 1 |
| 38:03 | Bear_Pig_Man · tribute_sent a jugador 2 |
| 38:03 | Bear_Pig_Man · tribute_sent a jugador 3 |
| 38:03 | Bear_Pig_Man · tribute_sent a jugador 5 |
| 38:03 | Bear_Pig_Man · tribute_sent a jugador 6 |
| 38:03 | Bear_Pig_Man · tribute_sent a jugador 7 |
| 38:03 | Bear_Pig_Man · tribute_sent a jugador 8 |
| 38:03 | ClearSights · first_building Monastery |
| 38:06 | Archimeedeez · age_up imperial |
| 38:31 | 1Timoteo2:11 · first_building Archery Range |
| 39:01 | ClearSights · first_market_buy 100 stone |
| 39:20 | Kyru · first_building Siege Workshop |
| 39:32 | ClearSights · tribute_sent a jugador 1 |
| 39:32 | ClearSights · tribute_sent a jugador 3 |
| 39:32 | ClearSights · tribute_sent a jugador 4 |
| 39:32 | ClearSights · tribute_sent a jugador 5 |
| 39:32 | ClearSights · tribute_sent a jugador 6 |
| 39:32 | ClearSights · tribute_sent a jugador 7 |
| 39:32 | ClearSights · tribute_sent a jugador 8 |
| 39:36 | Bear_Pig_Man · tribute_sent a jugador 1 |
| 39:36 | Bear_Pig_Man · tribute_sent a jugador 2 |
| 39:36 | Bear_Pig_Man · tribute_sent a jugador 3 |
| 39:36 | Bear_Pig_Man · tribute_sent a jugador 5 |
| 39:36 | Bear_Pig_Man · tribute_sent a jugador 6 |
| 39:36 | Bear_Pig_Man · tribute_sent a jugador 7 |
| 39:36 | Bear_Pig_Man · tribute_sent a jugador 8 |
| 41:02 | kappael02 · first_building Archery Range |
| 41:07 | TwinkieTheKid21 · wall_segment Stone Wall x4 |
| 42:03 | Bear_Pig_Man · tribute_sent a jugador 1 |
| 42:03 | Bear_Pig_Man · tribute_sent a jugador 2 |
| 42:03 | Bear_Pig_Man · tribute_sent a jugador 3 |
| 42:03 | Bear_Pig_Man · tribute_sent a jugador 5 |
| 42:03 | Bear_Pig_Man · tribute_sent a jugador 6 |
| 42:03 | Bear_Pig_Man · tribute_sent a jugador 7 |
| 42:03 | Bear_Pig_Man · tribute_sent a jugador 8 |
| 42:27 | Bear_Pig_Man · first_building Castle |
| 42:48 | TwinkieTheKid21 · wall_segment Stone Wall x2 |
| 43:16 | Bear_Pig_Man · tribute_sent a jugador 1 |
| 43:16 | Bear_Pig_Man · tribute_sent a jugador 2 |
| 43:16 | Bear_Pig_Man · tribute_sent a jugador 3 |
| 43:16 | Bear_Pig_Man · tribute_sent a jugador 5 |
| 43:16 | Bear_Pig_Man · tribute_sent a jugador 6 |
| 43:16 | Bear_Pig_Man · tribute_sent a jugador 7 |
| 43:16 | Bear_Pig_Man · tribute_sent a jugador 8 |
| 43:48 | Bear_Pig_Man · wall_segment Stone Wall x11 |
| 44:16 | kappael02 · wall_segment Stone Wall x4 |
| 47:07 | TwinkieTheKid21 · wall_segment Stone Wall x6 |
| 47:29 | TwinkieTheKid21 · wall_segment Stone Wall x1 |
| 47:33 | TwinkieTheKid21 · wall_segment Stone Wall x1 |
| 48:23 | Bear_Pig_Man · tribute_sent a jugador 1 |
| 48:23 | Bear_Pig_Man · tribute_sent a jugador 2 |
| 48:23 | Bear_Pig_Man · tribute_sent a jugador 3 |
| 48:23 | Bear_Pig_Man · tribute_sent a jugador 5 |
| 48:23 | Bear_Pig_Man · tribute_sent a jugador 6 |
| 48:23 | Bear_Pig_Man · tribute_sent a jugador 7 |
| 48:23 | Bear_Pig_Man · tribute_sent a jugador 8 |
| 49:33 | Archimeedeez · first_market_buy 100 stone |
| 53:57 | kappael02 · wall_segment Stone Wall x3 |
| 54:52 | kappael02 · first_building Siege Workshop |
| 55:26 | Archimeedeez · wall_segment Stone Wall x1 |
| 55:27 | Archimeedeez · wall_segment Stone Wall x1 |
| 55:29 | Archimeedeez · wall_segment Stone Wall x1 |
| 55:38 | Archimeedeez · wall_segment Stone Wall x6 |
| 55:45 | Archimeedeez · wall_segment Stone Wall x7 |
| 55:50 | Archimeedeez · wall_segment Stone Wall x4 |
| 55:51 | Archimeedeez · wall_segment Stone Wall x1 |
| 56:15 | Bear_Pig_Man · tribute_sent a jugador 1 |
| 56:15 | Bear_Pig_Man · tribute_sent a jugador 2 |
| 56:15 | Bear_Pig_Man · tribute_sent a jugador 3 |
| 56:15 | Bear_Pig_Man · tribute_sent a jugador 5 |
| 56:15 | Bear_Pig_Man · tribute_sent a jugador 6 |
| 56:15 | Bear_Pig_Man · tribute_sent a jugador 7 |
| 56:15 | Bear_Pig_Man · tribute_sent a jugador 8 |
| 57:58 | kappael02 · wall_segment Stone Wall x2 |
| 59:07 | Bear_Pig_Man · tribute_sent a jugador 1 |
| 59:07 | Bear_Pig_Man · tribute_sent a jugador 2 |
| 59:07 | Bear_Pig_Man · tribute_sent a jugador 3 |
| 59:07 | Bear_Pig_Man · tribute_sent a jugador 5 |
| 59:07 | Bear_Pig_Man · tribute_sent a jugador 6 |
| 59:07 | Bear_Pig_Man · tribute_sent a jugador 7 |
| 59:07 | Bear_Pig_Man · tribute_sent a jugador 8 |
| 60:06 | 1Timoteo2:11 · wall_segment Stone Wall x4 |
| 60:27 | Kyru · first_building Dock |
| 60:56 | 1Timoteo2:11 · first_building Dock |
| 61:34 | kappael02 · wall_segment Stone Wall x34 |
| 62:38 | kappael02 · wall_segment Stone Wall x11 |
| 62:44 | kappael02 · wall_segment Stone Wall x18 |
| 64:58 | Bear_Pig_Man · wall_segment Stone Wall x15 |
| 65:03 | Bear_Pig_Man · wall_segment Stone Wall x11 |
| 66:59 | kappael02 · wall_segment Stone Wall x17 |
| 68:13 | kappael02 · wall_segment Stone Wall x21 |
| 69:09 | ClearSights · resign |
| 69:36 | 434529096 · first_market_buy 100 wood |
[ AI ANALYSIS · 1 CREDIT ]
What really happened in this match?
Wolo.gg analyzes every decision: build order, eco, micro, common mistakes by bracket. Personalized analysis on WhatsApp or Discord in 30 seconds.
Civ guide
Teutons
Perfil
Jugador #19925182